 Dungeon Crawl Stone Soup version 0.24-a0-640-ge7cd8ce796 (webtiles) character file.

Game seed: 5087922310681080037, levelgen mode: deterministic

8368 Kae the Severer (level 11, -3/82 HPs)
             Began as a Minotaur Fighter on Sept 24, 2019.
             Was an Initiate of Okawaru.
             Slain by an eight-headed hydra (9 damage)
             ... on level 1 of the Lair of Beasts.
             The game lasted 00:12:24 (11141 turns).

Kae the Severer (Minotaur Fighter)                 Turns: 11141, Time: 00:12:26

Health: -3/82      AC: 10    Str: 23    XL:     11   Next: 9%
Magic:  10/10      EV:  7    Int:  7    God:    Okawaru [......]
Gold:   205        SH: 11    Dex: 12    Spells: 10/10 levels left

rFire    + . .     SeeInvis +   G - +4 war axe "Kule" {chop, Dex+3}
rCold    x . .     Gourm    .   c - +0 shield
rNeg     . . .     Faith    .   b - +1 scale mail
rPois    .         Spirit   .   (helmet restricted)
rElec    .         Reflect  +   (no cloak)
rCorr    .         Harm     .   (no gloves)
MR       .....                  v - +1 pair of boots
Stlth    ..........             g - +2 amulet of reflection
HPRegen  0.23/turn              D - ring of fire
MPRegen  0.12/turn              x - ring of see invisible

@: no status effects
A: retaliatory headbutt, horns 2
a: Renounce Religion


You were on level 1 of the Lair of Beasts.
You worshipped Okawaru.
Okawaru was noncommittal.
You were not hungry.

You visited 3 branches of the dungeon, and saw 12 of its levels.

You collected 511 gold pieces.
You spent 306 gold pieces at shops.

Inventory:

Hand Weapons
 a - a +2 war axe
 G - the +4 war axe "Kule" (weapon) {chop, Dex+3}
   (You bought it in a shop on level 10 of the Dungeon)

   It inflicts extra damage upon your enemies.
   It affects your dexterity (+3).
Armour
 b - a +1 scale mail (worn)
 c - a +0 shield (worn)
 v - a +1 pair of boots (worn)
Jewellery
 g - a +2 amulet of reflection (around neck)
 k - an uncursed ring of ice
 n - an uncursed amulet of rage
 x - a ring of see invisible (right hand)
 D - a ring of fire (left hand)
Wands
 h - a wand of acid (11)
 l - a wand of enslavement (20)
 m - a wand of polymorph (23)
 u - a wand of digging (5)
 C - a wand of iceblast (10)
Scrolls
 e - 7 scrolls of remove curse
 r - 3 scrolls of teleportation
 y - 3 scrolls of blinking
 B - a scroll of torment {unknown}
 E - a scroll of enchant armour
 H - a scroll of magic mapping
Potions
 d - 3 potions of might
 j - 2 potions of brilliance
 o - 4 potions of lignification
 p - a potion of heal wounds
 q - 5 potions of curing
 s - 4 potions of agility
 t - a potion of mutation {unknown}
 w - a potion of haste {unknown}
 z - a potion of ambrosia {unknown}
 A - 2 potions of degeneration {unknown}
 F - a potion of flight {unknown}
 I - a potion of magic {unknown}
Comestibles
 f - 18 rations


   Skills:
 - Level 3.6 Fighting
 + Level 18.8 Axes
 - Level 3.6 Armour
 - Level 3.6 Shields


You had 10 spell levels left.
You didn't know any spells.
Your spell library was empty.

Dungeon Overview and Level Annotations

Branches:
Dungeon (10/15)            Temple (1/1) D:5            Lair (1/6) D:9
    Orc: D:9-12

Altars:
Ashenzari
Cheibriados
Dithmenos
Elyvilon
Fedhas
Gozag
Hepliaklqana
Kikubaaqudgha
Makhleb
Nemelex Xobeh
Okawaru
Qazlal
Ru
Sif Muna
Trog
Uskayaw
Vehumet
Wu Jian
Xom
Yredelemnul
Zin
The Shining One

Shops:
D:4 *   D:10 (

Annotations:
D:7 exclusion: oklob plant


Innate Abilities, Weirdness & Mutations

You reflexively headbutt those who attack you in melee.
You have a pair of horns on your head.


Message History

The eight-headed hydra bites you but does no damage.
You turn to flesh and can move again.
Unknown command.
Unknown command.
Unknown command.
Unknown command.
As you read the scroll of fear, it crumbles to dust.
You assume a fearsome visage.
The porcupine looks frightened!
The bullfrog looks frightened!
The spiny frog looks frightened!
The eight-headed hydra resists with some effort.
The basilisk looks frightened!
The bullfrog looks frightened!
A bullfrog comes into view.
You block the eight-headed hydra's attack. x2
The eight-headed hydra bites you.
* * * LOW HITPOINT WARNING * * *
The eight-headed hydra bites you.
* * * LOW HITPOINT WARNING * * *
The eight-headed hydra closely misses you.
The eight-headed hydra bites you!
You die...

#.# .. #.# .... .....
P.# .... ..... ##.#
..... ....####..# .....
.....#.##.# ### .(....
##.......###.##l..... #
#......"............. #
##.........F.@.rF.... ##
#.........###D...... .#
#.........# l...[.. .#
#....F....# .......
#####..........# .......
........................
........................
####...........##.......
# #..........##


You could see an eight-headed hydra, a spiny frog (fleeing), a basilisk
(fleeing), a wyvern, 2 bullfrogs and a porcupine (fleeing).

Vanquished Creatures
  Erolcha (D:10)
  A hydra (Lair:1)
  An orc knight (D:10)
  Psyche (D:8)
  A gargoyle (D:10)
  A centaur skeleton (D:10)
  A troll (D:9)
  A slime creature (D:10)
  A hippogriff (D:9)
  Grum (D:8)
  A wraith (D:10)
  A yak (D:9)
  Edmund (D:5)
  A water moccasin (D:6)
  2 orc warriors (D:10)
  2 phantoms
  4 sky beasts
  A necrophage (D:9)
  5 ogres
  4 wolves
  4 centaurs
  3 crocodiles
  A big kobold (D:10)
  2 bullfrogs
  A scorpion (D:9)
  6 killer bees (D:10)
  3 howler monkeys
  7 crimson imps
  2 quasits
  6 orc priests
  2 bullfrog zombies
  5 hounds
  6 jellies
  5 iguanas
  2 bullfrog skeletons
  5 orc wizards
  7 worker ants
  2 hound skeletons
  A worker ant zombie (D:7)
  A howler monkey skeleton (D:4)
  4 gnolls (D:3)
  13 adders
  2 shadow imps
  15 oozes (D:7)
  7 worms
  3 dart slugs
  5 leopard geckos
  27 orcs
  2 ball pythons (D:1)
  4 bats
  4 giant cockroaches
  5 goblins
  8 hobgoblins
  18 jackals
  9 kobolds
  6 quokkas
  A frilled lizard (D:4)
  6 rats
  A plant (D:5)
243 creatures vanquished.

Vanquished Creatures (others)
  A kobold (D:10)
  5 fungi (D:7)
6 creatures vanquished.

Grand Total: 249 creatures vanquished

Notes
Turn   | Place    | Note
-------+----------+-------------------------------------------
     0 | D:1      | Kae the Minotaur Fighter began the quest for the Orb.
     0 | D:1      | Reached XP level 1. HP: 19/19 MP: 0/0
   102 | D:1      | Reached skill level 3 in Axes
   132 | D:1      | Reached XP level 2. HP: 24/26 MP: 1/1
   306 | D:1      | Reached skill level 4 in Axes
   866 | D:2      | Found a faded altar of an unknown god.
   875 | D:2      | Reached XP level 3. HP: 29/31 MP: 2/2
  1190 | D:2      | Reached skill level 5 in Axes
  1388 | D:2      | Reached XP level 4. HP: 23/39 MP: 3/3
  1795 | D:3      | Reached skill level 6 in Axes
  2069 | D:3      | Reached XP level 5. HP: 45/45 MP: 4/4
  2192 | D:3      | Found a stormy altar of Qazlal.
  2225 | D:3      | Noticed an air elemental
  2225 | D:3      | Noticed a fire elemental
  2225 | D:3      | Noticed a water elemental
  2362 | D:4      | Reached skill level 7 in Axes
  2750 | D:3      | Reached XP level 6. HP: 22/51 MP: 5/5
  2921 | D:4      | Reached skill level 8 in Axes
  3397 | D:4      | Reached skill level 9 in Axes
  3429 | D:4      | Found a sacrificial altar of Ru.
  3455 | D:4      | Reached XP level 7. HP: 51/57 MP: 6/6
  3457 | D:4      | Found Gighalem's General Store.
  3631 | D:5      | Entered Level 5 of the Dungeon
  3656 | D:5      | Noticed Edmund
  3660 | D:5      | Killed Edmund
  3660 | D:5      | Reached skill level 10 in Axes
  3988 | D:5      | Reached skill level 11 in Axes
  4004 | D:5      | Reached XP level 8. HP: 64/64 MP: 7/7
  4167 | D:5      | Found a staircase to the Ecumenical Temple.
  4539 | D:6      | You fall into a shaft and drop 1 floor!
  4601 | D:6      | Found a white marble altar of Elyvilon.
  4956 | D:6      | Reached skill level 12 in Axes
  5897 | D:7      | Noticed an oklob plant
  5900 | D:7      | Reached skill level 13 in Axes
  6327 | D:7      | Reached XP level 9. HP: 58/70 MP: 8/8
  6524 | D:8      | Noticed Grum
  6551 | D:7      | Reached skill level 14 in Axes
  6789 | D:8      | Noticed Psyche
  6799 | D:8      | Killed Psyche
  6838 | D:8      | Noticed a two-headed ogre
  7467 | D:8      | Reached skill level 15 in Axes
  7474 | D:8      | Killed Grum
  7968 | D:9      | Found a staircase to the Lair.
  8007 | D:9      | Noticed a troll
  8021 | D:9      | Killed a troll
  8021 | D:9      | Reached skill level 16 in Axes
  8178 | D:9      | Reached XP level 10. HP: 77/77 MP: 9/9
  9056 | D:10     | Entered Level 10 of the Dungeon
  9111 | D:10     | Noticed an orc knight
  9135 | D:10     | Killed an orc knight
  9135 | D:10     | Reached skill level 17 in Axes
  9522 | D:10     | Found Azuxewen's Antique Weapon Shop.
  9525 | D:10     | Noticed a gargoyle
  9532 | D:10     | Killed a gargoyle
  9537 | D:10     | Bought a translucent war axe for 306 gold pieces
  9589 | D:10     | Identified the +4 war axe "Kule" {chop, Dex+3} (You bought
                  | it in a shop on level 10 of the Dungeon)
  9731 | D:10     | Noticed Erolcha
  9744 | D:10     | Killed Erolcha
  9744 | D:10     | Reached skill level 18 in Axes
 10388 | D:10     | Reached XP level 11. HP: 61/82 MP: 10/10
 10786 | Temple   | Entered the Ecumenical Temple
 10883 | Temple   | Became a worshipper of Warmaster Okawaru
 11041 | Lair:1   | Entered Level 1 of the Lair of Beasts
 11041 | Lair:1   | Noticed a five-headed hydra
 11048 | Lair:1   | Killed a seven-headed hydra
 11132 | Lair:1   | Noticed an eight-headed hydra
 11141 | Lair:1   | Slain by an eight-headed hydra

Levels and vault maps discovered:
D:1:      lemuel_arrival_broad_hall, layout_basic, nrook_mini_backslash
D:2:      layout_rooms, chequers_ecumenical_altar_simple_redux, first_ration
D:3:      layout_rooms, nicolae_qazlal_style_of_elements
D:4:      layout_rooms, serial_shops, shop, st_stairs_1,
          nicolae_ru_sacrificial_ziggurat
D:5:      layout_rooms, minmay_temple_entry_trees, serial_bayou_lagoon_a,
          uniq_edmund
D:6:      minmay_recursive_quarters, layout_basic, grunt_decor_cap,
          elyvilon_altar_4
D:7:      lemuel_slime, layout_basic, minmay_misc_feat_room, grunt_ogre_cave
D:8:      layout_cave_pools, eino_small_chamber_without_monster, uniq_grum,
          uniq_psyche
D:9:      layout_gridville, david_lair_generic
D:10:     minmay_wavy_crystal, layout_loops_corners, serial_shops,
          nicolae_shop_crystal, uniq_erolcha
Temple:   compressed_dpeg_circular_temple
Lair:1:   layout_small_grid, grunt_megastairs_1, minmay_lair_oklob_chamber

Skill      XL: |  1  2  3  4  5  6  7  8  9 10 |
---------------+-------------------------------+-----
Axes           | 3 4 5 6 7 9 11 13 16 18 | 18.8
Fighting       | |  3.6
Armour         | |  3.6
Shields        | |  3.6

Action                   |  1- 3 |  4- 6 |  7- 9 | 10-12 || total
-------------------------+-------+-------+-------+-------++-------
Melee: War axe           |    97 |   141 |   261 |   211 ||   710
       Headbutt          |    11 |    18 |    37 |    34 ||   100
Evoke: Wand              |       |       |       |     4 ||     4
  Use: Scroll            |       |     9 |     7 |     2 ||    18
       Potion            |       |     2 |     1 |       ||     3
  Eat: Chunk             |     2 |     6 |    12 |     7 ||    27
       Ration            |       |       |     1 |     1 ||     2
Armor: Scale mail        |    54 |    73 |    62 |    65 ||   254
Dodge: Dodged            |    28 |    45 |    68 |    38 ||   179
Block: Shield            |    48 |    76 |   130 |    94 ||   348
       Reflection        |       |       |     5 |     7 ||    12

Table legend:
 A = Non-vault XP
 B = Vault XP
 C = Vault XP percentage of total XP
 D = Non-vault monster count
 E = Vault monster count
 F = Vault count percentage of total count
                 A         B        C        D         E       F
            +---------+---------+-------+---------+---------+-------
      Total |    7279 |    4676 |  39.1 |     199 |      43 |  17.8
            +---------+---------+-------+---------+---------+-------
        D:1 |      36 |       0 |   0.0 |      16 |       0 |   0.0
        D:2 |      78 |       0 |   0.0 |      23 |       0 |   0.0
        D:3 |     267 |       2 |   0.7 |      31 |       1 |   3.1
        D:4 |     425 |       0 |   0.0 |      18 |       0 |   0.0
        D:5 |     559 |     154 |  21.6 |      24 |       1 |   4.0
        D:6 |       2 |     361 |  99.4 |       1 |       6 |  85.7
        D:7 |     517 |     780 |  60.1 |      12 |      24 |  66.7
        D:8 |     476 |     735 |  60.7 |       8 |       3 |  27.3
        D:9 |    1661 |     650 |  28.1 |      26 |       4 |  13.3
       D:10 |    2302 |    1994 |  46.4 |      39 |       4 |   9.3
     Lair:1 |     956 |       0 |   0.0 |       1 |       0 |   0.0
            +---------+---------+-------+---------+---------+-------
